[Event "*** Titled Tuesday Blitz"]
[Site "Chess.com"]
[Date "2021.02.16"]
[Round "2"]
[White "Twitch_ElhamBlitz05"]
[Black "VALPARAISO37"]
[Result "1-0"]
[WhiteElo "2824"]
[BlackElo "2508"]
[TimeControl "180+1"]
[EndTime "10:19:00 PST"]
[Termination "Twitch_ElhamBlitz05 won by resignation"]

1. e4 e5 2. Nc3 Nf6 3. Bc4 Bc5 4.
d3 c6 5. f4 exf4 6. Bxf4 d5 7.
exd5 cxd5 8. Bb5+ Nc6 9. Qe2+ Be6 10. O-O-O O-O 11. Nf3 Re8 12. Qd2 Qa5 13. Bxc6 d4 14.
Nb1 Bb4 15. c3 dxc3 16. bxc3 Ba3+ 17. Nxa3 Qxa3+ 18. Qb2 Qxb2+ 19. Kxb2 bxc6 20. c4 Bg4 21. Rhe1 Bxf3 22. gxf3 Nd7 23. Kc3 c5 24. Bg3 f5 25.
Rxe8+ Rxe8 26. Re1 Rxe1 27. Bxe1 f4 28. d4 Kf7 29. dxc5 Nb8 30. Kb4 Ke7 31. Bh4+ Kd7 32. Kb5 h6 33. Be1 Nc6 34. Ka6 Kc7 35. Bc3 g5 36.
Bg7 h5 37. Bh6 Ne5 38. Bxg5 Kc6 39. Bxf4 Nxf3 40. Kxa7 Nd4 41. Bd6 Nc2 42. a4 Na3 43. a5 Nxc4 44. a6 Na5 45. Kb8 1-0

[Event "*** Titled Tuesday Blitz"]
[Site "Chess.com"]
[Date "2021.02.16"]
[Round "2"]
[White "Ave_Mariia"]
[Black "Sanyura"]
[Result "0-1"]
[WhiteElo "2495"]
[BlackElo "2742"]
[TimeControl "180+1"]
[EndTime "10:19:00 PST"]
[Termination "Sanyura won by resignation"]

1. d4 Nf6 2. c4 g6 3. Nc3 Bg7 4.
e4 d6 5. Be2 O-O 6. Nf3 e5 7.
O-O Nc6 8. d5 Ne7 9. b4 Nh5 10.
Re1 f5 11. Ng5 Nf6 12. Bf3 c6 13. Bb2 h6 14. Ne6 Bxe6 15. dxe6 fxe4 16. Nxe4 Nxe4 17. Rxe4 d5 18. cxd5 cxd5 19. Rxe5 Bxe5 20. Bxe5 Qb6 21. Bb2 Kh7 22. a3 Rad8 23. Qe2 d4 24. Be4 d3 25.
Qd2 Qxe6 26. Qc3 Qf7 27. Bxd3 Rxd3 28. Qxd3 Qxf2+ 29. Kh1 Qxb2 30. Re1 Qf6 31. h3 Nc6 32.
Qd7+ Rf7 33. Qc8 Re7 34. Rd1 h5 35. b5 Ne5 36. Rd8 Qf1+ 37. Kh2 Nf3+ 38. gxf3 Qf2+ 0-1

[Event "*** Titled Tuesday Blitz"]
[Site "Chess.com"]
[Date "2021.02.16"]
[Round "2"]
[White "markowskitomasz"]
[Black "mirochka"]
[Result "1-0"]
[WhiteElo "2586"]
[BlackElo "2266"]
[TimeControl "180+1"]
[EndTime "10:19:00 PST"]
[Termination "markowskitomasz won on time"]

1. d4 Nf6 2. Nf3 d5 3. c4 e6 4. g3 dxc4 5. Bg2 Nc6 6. Qa4 Bb4+ 7. Bd2 Nd5 8. O-O O-O 9. Bxb4 Ndxb4 10. a3 Nd5 11. Qxc4 Nb6 12. Qd3 a5 13. Nc3 a4 14.
Rfd1 Na5 15. Ne5 Nb3 16. Rab1 c5 17. dxc5 Qxd3 18. Nxd3 Nd7 19. Ne4 Ra5 20. Nd6 Ndxc5 21.
Nb4 b6 22. Nxc8 Rxc8 23. Nc6 Raa8 24. Ne7+ Kf8 25. Nxc8 Rxc8 26. Bf3 Ke7 27. Kg2 e5 28. e3 f6 29. Be2 e4 30. Bb5 Rc7 31. Rd5 g6 32.
Rbd1 f5 33. h4 1-0

[Event "*** Titled Tuesday Blitz"]
[Site "Chess.com"]
[Date "2021.02.16"]
[Round "2"]
[White "temiksmozg"]
[Black "HrvojeZagreb"]
[Result "1-0"]
[WhiteElo "2617"]
[BlackElo "2235"]
[TimeControl "180+1"]
[EndTime "10:19:01 PST"]
[Termination "temiksmozg won on time"]

1. d4 e6 2. c4 f5 3. g3 Nf6 4. Bg2 Be7 5. Nf3 O-O 6. O-O d6 7. b3 Nc6 8. Bb2 Ne4 9. Nbd2 Nxd2 10. Qxd2 Bf6 11. d5 Ne5 12. Nd4 exd5 13. cxd5 Qe8 14.
Rac1 Bd8 15. Ne6 Bxe6 16. dxe6 Kh8 17. Bxe5 dxe5 18. Bxb7 Rb8 19. Bd5 Qh5 20. e3 e4 21.
Qd1 Qg6 22. Kg2 h5 23. h4 Rb6 24. Qe2 Rd6 25. Rcd1 f4 26. exf4 Rxf4 27. Bc4 Rxh4 28. Rxd6 cxd6 29. Rd1 Be7 30. Rd5 Rg4 31. Kh3 e3 32. Qxe3 h4 33. Qf3 1-0

[Event "*** Titled Tuesday Blitz"]
[Site "Chess.com"]
[Date "2021.02.16"]
[Round "2"]
[White "Hypercar"]
[Black "Olga_Zhuravleva"]
[Result "1-0"]
[WhiteElo "2529"]
[BlackElo "2304"]
[TimeControl "180+1"]
[EndTime "10:19:01 PST"]
[Termination "Hypercar won on time"]

1. d4 g6 2. e4 Bg7 3. Nf3 d6 4. Be2 Nc6 5. d5 Ne5 6. Nxe5 Bxe5 7. f4 Bg7 8. O-O Nf6 9. Bd3 O-O 10. c4 e5 11. fxe5 dxe5 12. Bg5 Qd6 13. Kh1 h6 14. Bh4 Nh5 15. Nc3 a6 16. Ne2 Bg4 17. Qc2 Bxe2 18. Bxe2 Nf4 19. c5 Qd7 20. Bg3 g5 21. h3 Rab8 22. Bg4 Qb5 23. Bf5 b6 24. c6 Qe2 25. Rf2 Qxc2 26. Rxc2 Rfd8 27. Rd1 Rd6 28. Bf2 Rf6 29. g3 Nh5 30. Rd3 Bf8 31.
Kg2 Rd8 32. Rc4 Ng7 33. g4 Ne8 34. Ra4 a5 35. a3 Nd6 36. b4 axb4 37. axb4 Nb5 38.
Kf3 Kg7 39. h4 Be7 40. hxg5 hxg5 41. Kg2 Rh6 42. Rh3 Rdh8 43. Rxh6 Rxh6 44. Bg3 Bd6 45. Ra8 Nd4 46. Re8 f6 47. Bf2 Bxb4 48. Rc8 Bd6 49. Ra8 Rh8 50. Ra2 Rd8 51. Kf1 Bc5 52. Be3 Rh8 53. Bg1 Kf7 54. Ra7 Ke7 55. Rxc7+ Kf8 56. Rc8+ Kg7 57. Rxh8 Kxh8 58. c7 1-0

[Event "*** Titled Tuesday Blitz"]
[Site "Chess.com"]
[Date "2021.02.16"]
[Round "2"]
[White "Eliwood44"]
[Black "seorobert1971"]
[Result "0-1"]
[WhiteElo "2474"]
[BlackElo "2713"]
[TimeControl "180+1"]
[EndTime "10:19:02 PST"]
[Termination "seorobert1971 won by resignation"]

1. d4 c6 2. Nf3 d5 3. c4 Nf6 4. g3 Bf5 5. Bg2 h6 6. O-O e6 7. Qb3 Qb6 8. Nc3 Nbd7 9. c5 Qa6 10. Re1 b6 11. e4 Nxe4 12. Nxe4 Bxe4 13. Bf1 Qc8 14.
Nd2 Bg6 15. cxb6 axb6 16. Nf3 Bd6 17. Ne5 Nxe5 18. dxe5 Bc5 19. Be3 O-O 20. Rac1 Bxe3 21. Rxe3 Qb7 22. Rec3 Rfc8 23. a3 Be4 24. Qb4 Rab8 25.
Qa4 c5 26. Ba6 Qa7 27. Qb5 Rd8 28. b4 Ra8 29. bxc5 Qxa6 30. Qxb6 Rdb8 31. Qc7 Qc8 32. Qd6 Ra7 33. c6 Qc7 34. Qc5 Rd8 35. Rb3 d4 36. Rb4 Ra5 37. Qc4 Ra7 38. Qc5 Rd5 39. Qxa7 Qxa7 40. c7 Qxa3 41. c8=Q+ Kh7 42. Rb8 Qf3 43.
Qg8+ Kg6 44. Kf1 d3 45. Qxf7+ Kxf7 46. Rc7+ Kg6 0-1

[Event "*** Titled Tuesday Blitz"]
[Site "Chess.com"]
[Date "2021.02.16"]
[Round "2"]
[White "RamyresCoelho"]
[Black "TokChess"]
[Result "0-1"]
[WhiteElo "2073"]
[BlackElo "2388"]
[TimeControl "180+1"]
[EndTime "10:19:02 PST"]
[Termination "TokChess won by checkmate"]

1. e4 c5 2. Nf3 d6 3. d4 cxd4 4. Nxd4 Nf6 5. Nc3 g6 6. f4 Nbd7 7.
Be3 Bg7 8. Bd3 O-O 9. h3 a6 10. Qe2 Qc7 11. O-O-O b5 12. g4 b4 13. Nd5 Nxd5 14.
exd5 Bb7 15. Be4 Nb6 16. Nc6 Bxc6 17. dxc6 e6 18. Bxb6 Qxb6 19. Rxd6 Rfd8 20. Rhd1 Rxd6 21. Rxd6 Qc7 22. Qd2 Rc8 23. Rd7 Qb6 24. Kb1 a5 25.
c7 Bf8 26. f5 exf5 27. gxf5 Rxc7 28. Rxc7 Qxc7 29. fxg6 hxg6 30. Qg2 Qe5 31. Kc1 Bh6+ 32. Kb1 Bg7 33. c4 bxc3 34. bxc3 Qxc3 35. Qc2 Qa1# 0-1

[Event "*** Titled Tuesday Blitz"]
[Site "Chess.com"]
[Date "2021.02.16"]
[Round "2"]
[White "igorcadilhac"]
[Black "MaevskiyNikolay"]
[Result "1-0"]
[WhiteElo "2330"]
[BlackElo "2523"]
[TimeControl "180+1"]
[EndTime "10:19:03 PST"]
[Termination "igorcadilhac won by checkmate"]

1. e4 c6 2. d4 d5 3. e5 Bf5 4. Nf3 e6 5. Bd3 Bxd3 6. Qxd3 Ne7 7. O-O Nd7 8. Nbd2 c5 9. c4 cxd4 10. Qxd4 Nc6 11. Qf4 Nb6 12. cxd5 Nxd5 13. Qg3 Qc7 14. Ne4 h6 15. Nd6+ Bxd6 16. exd6 Qd7 17. Qxg7 O-O-O 18. Ne5 Nxe5 19. Qxe5 Qxd6 20. Qd4 Kb8 21. Rd1 Qb6 22. Qe5+ Qc7 23. Rxd5 exd5 24. Bf4 Qxe5 25. Bxe5+ Kc8 26.
Rc1+ Kd7 27. Rc7+ Ke6 28. Bxh8 Rxh8 29. Rxb7 Rc8 30. Kf1 Rc2 31. Rxa7 Rxb2 32. a4 f6 33. a5 Ra2 34. a6 Ke5 35. Ra8 Kf5 36. a7 d4 37. Ke1 d3 38. Kd1 h5 39. h3 h4 40. g4+ hxg3 41. fxg3 d2 42. h4 Ra3 43.
Kxd2 Ra2+ 44. Kc3 Ra6 45. h5 Ra3+ 46. Kb4 Ra1 47. h6 Rb1+ 48. Kc3 Rc1+ 49. Kd2 Ra1 50. h7 Ra2+ 51. Kc3 Ra3+ 52. Kb4 Rxg3 53. h8=Q Rg4+ 54. Kc5 Rg5 55. Rf8 Kg4+ 56. Kd4 f5 57. a8=Q f4 58. Qg2# 1-0

[Event "*** Titled Tuesday Blitz"]
[Site "Chess.com"]
[Date "2021.02.16"]
[Round "2"]
[White "oneshot007"]
[Black "Zkid"]
[Result "0-1"]
[WhiteElo "2503"]
[BlackElo "2796"]
[TimeControl "180+1"]
[EndTime "10:19:04 PST"]
[Termination "Zkid won by resignation"]

1. e4 c5 2. Nf3 Nc6 3. Nc3 e5 4. Bc4 d6 5. d3 Be7 6. O-O Nf6 7.
Ng5 O-O 8. f4 Bg4 9. Qe1 Nd4 10.
Qf2 exf4 11. Bxf4 h6 12. Nf3 Bxf3 13. gxf3 Qd7 14. a4 Qh3 15. Be3 Nc6 16. Qg3 Qxg3+ 17. hxg3 Nb4 18. Rac1 Rad8 19. Bb3 d5 20. Na2 Nc6 21. Kg2 c4 22. dxc4 dxe4 23. Nc3 exf3+ 24. Rxf3 Nd4 25. Rff1 Nxb3 26. cxb3 a6 27. Rcd1 Rfe8 28. Bb6 Rd7 29. a5 h5 30. Rfe1 Kf8 31. Be3 Bb4 32.
Bg5 Rxe1 33. Rxe1 Bxa5 34. Rf1 Bxc3 35. bxc3 Ne4 36. Bf4 Nxc3 37. Re1 f6 38. Kf3 Kf7 39. Be3 Rd3 40. Rc1 Nd1 41. Ke2 Rxe3+ 42. Kxd1 Rxb3 0-1

[Event "*** Titled Tuesday Blitz"]
[Site "Chess.com"]
[Date "2021.02.16"]
[Round "2"]
[White "adriangschnitzer"]
[Black "MarcoRiehle"]
[Result "1-0"]
[WhiteElo "2491"]
[BlackElo "2694"]
[TimeControl "180+1"]
[EndTime "10:19:05 PST"]
[Termination "adriangschnitzer won by resignation"]

1. e4 e5 2. Nc3 Nf6 3. g3 Bc5 4. Bg2 Nc6 5. Nge2 a6 6. O-O d6 7. h3 Nd4 8. Nxd4 Bxd4 9. Ne2 Bb6 10. d4 exd4 11. Nxd4 O-O 12. Be3 Re8 13. Qd3 d5 14.
exd5 Nxd5 15. Bd2 Nf6 16. Bc3 Nd5 17. Bd2 Nf6 18. Bc3 c5 19. Nf3 Qxd3 20. cxd3 Bf5 21.
Rad1 Rad8 22. d4 Ne4 23. d5 Nxc3 24. bxc3 Re2 25. Rd2 Rxd2 26. Nxd2 Ba5 27. Rc1 b5 28. g4 Bd3 29. Ne4 c4 30. Nc5 Kf8 31. Nb7 Bxc3 32. Rxc3 Rb8 33. Nc5 b4 34. Rc1 Bg6 35. Nxa6 Rb6 36.
Nc5 b3 37. axb3 cxb3 38. Nd7+ Ke7 39. Nxb6 b2 40. Rd1 b1=Q 41. Rxb1 Bxb1 42. f4 Kd6 43. Kf2 Kc5 44. Nd7+ Kd6 45. Ne5 f6 46. Nc4+ Kc5 47.
d6 1-0

[Event "*** Titled Tuesday Blitz"]
[Site "Chess.com"]
[Date "2021.02.16"]
[Round "2"]
[White "Eloist"]
[Black "Aleksey_Sorokin"]
[Result "0-1"]
[WhiteElo "2410"]
[BlackElo "2763"]
[TimeControl "180+1"]
[EndTime "10:19:05 PST"]
[Termination "Aleksey_Sorokin won on time"]

1. e4 c6 2. Nf3 d5 3. Nc3 dxe4 4. Nxe4 Nf6 5. Qe2 Nxe4 6. Qxe4 Nd7 7. Bc4 Nf6 8. Ne5 e6 9. Qe2 Bd6 10. d4 O-O 11. O-O Qc7 12. Re1 b5 13. Bd3 a6 14.
a4 Bb7 15. Bg5 Bxe5 16. dxe5 Nd7 17. Qh5 f5 18. exf6 Nxf6 19. Bxf6 gxf6 20. Rxe6 c5 21. Rae1 Qg7 22. Qxh7+ Qxh7 23. Bxh7+ Kxh7 24. Re7+ Kg6 25. Rxb7 bxa4 26. Ree7 Rfe8 27. Rg7+ Kf5 28. g4+ Kf4 29. Rb6 Rab8 30. Rxf6+ Ke4 31. Rxa6 Kf3 32. Rf6+ Ke2 33. Rg5 c4 34. Rc5 Re4 35. f3 Rd4 36. c3 Rd1+ 37.
Kg2 Rxb2 38. Kg3 a3 39. Ra5 a2 40. Rfa6 Rdd2 41. g5 Ke3 42. g6 Rg2+ 43. Kh4 Rxh2+ 44. Kg5 Rbg2+ 45. Kf6 Rh3 46. g7 Rxf3+ 47. Rf5 Rxf5+ 48. Kxf5 Rxg7 49. Rxa2 Re7 50. Ra3 Kd3 51. Kf6 Re8 52.
Kf5 Kc2 53. Kf4 Kb2 0-1

[Event "*** Titled Tuesday Blitz"]
[Site "Chess.com"]
[Date "2021.02.16"]
[Round "2"]
[White "goldihouse"]
[Black "LuisFSiles"]
[Result "1-0"]
[WhiteElo "2532"]
[BlackElo "2311"]
[TimeControl "180+1"]
[EndTime "10:19:05 PST"]
[Termination "goldihouse won by resignation"]

1. c4 Nf6 2. g3 g6 3. Bg2 Bg7 4. Nc3 O-O 5. e4 d6 6. Nge2 c5 7. O-O Nc6 8. a3 Bg4 9. h3 Bxe2 10. Nxe2 Ne8 11. Rb1 a5 12. Nc3 Nc7 13. d3 Ne6 14.
Bd2 Ned4 15. Kh2 e6 16. f4 f5 17. Qa4 Rb8 18. Rbe1 Qd7 19. Nb5 Nxb5 20. Qxb5 Rf7 21. Bc3 Rc8 22. Qb6 a4 23. Re2 Nd4 24. Bxd4 Bxd4 25.
exf5 gxf5 26. Rfe1 e5 27. Bd5 Rf8 28. fxe5 dxe5 29. Rxe5 Bxe5 30. Rxe5 Kh8 31. Bxf7 Qxf7 32. Qxc5 f4 33. g4 f3 34. Qd4 Qg7 35. Kg1 f2+ 36. Kf1 Qf6 37. Re4 Kg8 38. Qxf6 Rxf6 39.
d4 Rb6 40. Re2 Rb3 41. Kxf2 Rxh3 42. d5 Rd3 43. Re7 Rd2+ 44. Ke3 Rxb2 45. d6 Rb3+ 46. Kd4 Kf8 47. Rc7 Ke8 48. Kd5 Rd3+ 49. Kc5 Rxa3 50. Rxb7 Rb3 51. Ra7 a3 52. Kc6 Rd3 53. c5 Rc3 54. Ra8+ Kf7 55. d7 1-0

[Event "*** Titled Tuesday Blitz"]
[Site "Chess.com"]
[Date "2021.02.16"]
[Round "2"]
[White "MusicCityMaster"]
[Black "mary-sanna"]
[Result "1-0"]
[WhiteElo "2385"]
[BlackElo "2028"]
[TimeControl "180+1"]
[EndTime "10:19:06 PST"]
[Termination "MusicCityMaster won on time"]

1. e4 c5 2. Nf3 Nc6 3. d3 g6 4. g3 Bg7 5. Bg2 d6 6. O-O Nf6 7. Re1 O-O 8. c3 e5 9. Nbd2 b5 10. Nf1 b4 11. Ne3 a5 12. c4 Nd4 13.
Nxd4 cxd4 14. Nd5 Nxd5 15. exd5 f5 16. f4 Bd7 17. fxe5 dxe5 18. c5 Rc8 19. c6 Be8 20.
Qb3 Bf7 21. a3 bxa3 22. Qb5 axb2 23. Bxb2 Rb8 24. Qxa5 Rxb2 25. Qc5 Rxg2+ 26. Kxg2 Bxd5+ 27. Kg1 e4 28. c7 Qd7 29. Ra5 Bb7 30. Rb5 Bc6 31. Rb6 Qxc7 32. Rxc6 Qf7 33. Rc7 Qa2 34. dxe4 fxe4 35. Rf1 Rxf1+ 36. Kxf1 Qb1+ 37. Kg2 Qb2+ 38. Kh3 d3 39. Qd5+ 1-0

[Event "*** Titled Tuesday Blitz"]
[Site "Chess.com"]
[Date "2021.02.16"]
[Round "2"]
[White "Pintacara"]
[Black "ckgchess"]
[Result "0-1"]
[WhiteElo "2499"]
[BlackElo "2764"]
[TimeControl "180+1"]
[EndTime "10:19:07 PST"]
[Termination "ckgchess won by resignation"]

1. d4 Nf6 2. Bg5 Ne4 3. h4 c5 4. d5 Nxg5 5. hxg5 Qb6 6. Nc3 Qxb2 7. Rh3 Qb6 8. Rb1 Qa5 9. Rb5 Qd8 10. e4 d6 11. Re3 a6 12. Rb1 b5 13. f4 g6 14.
Nf3 Bg7 15. Kf2 Bg4 16. Ne2 Nd7 17. Qd2 O-O 18. g3 f6 19. gxf6 Nxf6 20. Nh2 Bc8 21. Kg2 Ng4 22. Nxg4 Bxg4 23. Ng1 Qd7 24. Be2 Bd4 25.
Bxg4 Qxg4 26. Qe2 Rxf4 27. Qxg4 Rxg4 28. Rf3 Rf8 29. Rxf8+ Kxf8 30. Nf3 Rxe4 31. Ng5 Re2+ 32. Kh3 Rxc2 33. Nxh7+ Kg7 34. Ng5 Rxa2 35. Ne6+ Kf6 36. Rf1+ Ke5 37. Nc7 Ke4 38. Kg4 b4 39. Re1+ Kd3 40.
Ne6 b3 41. Nf4+ Kc4 42. Rxe7 b2 43. Rb7 Ra1 0-1

[Event "*** Titled Tuesday Blitz"]
[Site "Chess.com"]
[Date "2021.02.16"]
[Round "2"]
[White "DanilNajdin"]
[Black "Lagmantr"]
[Result "0-1"]
[WhiteElo "2479"]
[BlackElo "2713"]
[TimeControl "180+1"]
[EndTime "10:19:08 PST"]
[Termination "Lagmantr won on time"]

1. e4 c5 2. Nf3 d6 3. d4 cxd4 4. Qxd4 Nc6 5. Bb5 a6 6. Bxc6+ bxc6 7. c4 e5 8. Qd3 Ne7 9. Nc3 Ng6 10. O-O Be7 11. Be3 O-O 12. c5 dxc5 13. Qxd8 Rxd8 14. Na4 Rb8 15. Rac1 Rb4 16. b3 Rxe4 17. Nxc5 Bxc5 18.
Bxc5 Re2 19. Rfd1 Re8 20. a4 Be6 21. Rc3 Rb2 22. Re3 Bxb3 23. Rde1 Bxa4 24. Bd4 Rb7 25. Nxe5 Nxe5 26. Bxe5 f6 27. Bc3 Rxe3 28. fxe3 Rb3 29. Bd4 Bb5 30. Kf2 a5 31. Kf3 a4 32. Bc5 Kf7 33.
Rd1 Bc4 34. Rd7+ Kg6 35. g4 Bd5+ 36. Kf4 a3 37. Bf8 Bf7 38. h4 h6 39. h5+ Kh7 40. Rxf7 Kg8 41. Rxg7+ Kxf8 42. Ra7 c5 43. Ke4 Ke8 44.
Kd5 Rxe3 45. Kxc5 Rg3 46. Kd6 Re3 47. Kd5 Kd8 48. Kd6 Kc8 49. Kd5 Kb8 50. Ra4 Kb7 51.
Kd4 Rg3 0-1

[Event "*** Titled Tuesday Blitz"]
[Site "Chess.com"]
[Date "2021.02.16"]
[Round "2"]
[White "Cambek64"]
[Black "Spalir"]
[Result "0-1"]
[WhiteElo "2350"]
[BlackElo "2656"]
[TimeControl "180+1"]
[EndTime "10:19:08 PST"]
[Termination "Spalir won by resignation"]

1. e4 c5 2. Nc3 d6 3. d3 g6 4.
f4 Nc6 5. Nf3 Bg7 6. Be2 e6 7.
O-O Nge7 8. Qe1 O-O 9. Qh4 Nd4 10. Bd1 Nec6 11. Qh3 f5 12. Qg3 b5 13. Nxd4 Nxd4 14.
Ne2 b4 15. Nxd4 Bxd4+ 16. Kh1 Bb7 17. a3 a5 18. Bf3 a4 19. exf5 Bxf3 20. Qxf3 exf5 21.
Qd5+ Kg7 22. axb4 Qe7 23. bxc5 dxc5 24. c3 Qe2 25. Qf3 Qxf3 26. Rxf3 Bf6 27. Re3 Rfb8 28.
Ra3 Rb3 29. g3 Rxa3 30. bxa3 Bxc3 31. Re7+ Kf6 32. Rxh7 Re8 33. Kg2 Re1 34. Rc7 Rxc1 35. Rxc5 Bb2 36. Ra5 Rc2+ 37. Kf3 Bd4 38. g4 Rxh2 39.
Rxa4 Rh3+ 40. Kg2 Rxd3 41. gxf5 Kxf5 42. Ra6 Be3 0-1

[Event "*** Titled Tuesday Blitz"]
[Site "Chess.com"]
[Date "2021.02.16"]
[Round "2"]
[White "FMJoseHerrera"]
[Black "NikolaMa2000"]
[Result "1-0"]
[WhiteElo "2602"]
[BlackElo "1922"]
[TimeControl "180+1"]
[EndTime "10:19:09 PST"]
[Termination "FMJoseHerrera won by resignation"]

1. Nf3 d5 2. g3 Nf6 3. Bg2 e6 4.
O-O c5 5. d3 Be7 6. c4 O-O 7.
b3 Nc6 8. Bb2 d4 9. e3 e5 10.
Re1 Bg4 11. exd4 cxd4 12. Nbd2 Qc7 13. a3 a5 14. Qc2 Nd7 15. Nxd4 exd4 16. Bxc6 Qxc6 17.
Rxe7 Bh3 18. f3 Rae8 19. Rae1 Rxe7 20. Rxe7 Qd6 21. Re4 Ne5 22. Bxd4 Nc6 23. Bb2 f5 24. Qc3 Qg6 25. Re6 Qf7 26. Nf1 f4 27. g4 Rd8 28.
Re4 h5 29. Rxf4 Qe7 30. Re4 Qc5+ 31. d4 Qg5 32. Ng3 hxg4 33. fxg4 Bxg4 34. d5 Nb8 35. Qe3 Nd7 36. Qxg5 1-0

[Event "*** Titled Tuesday Blitz"]
[Site "Chess.com"]
[Date "2021.02.16"]
[Round "2"]
[White "frederiksvane"]
[Black "agartha01"]
[Result "1-0"]
[WhiteElo "2693"]
[BlackElo "2383"]
[TimeControl "180+1"]
[EndTime "10:19:09 PST"]
[Termination "frederiksvane won by resignation"]

1. e4 c5 2. Nf3 e6 3. d4 cxd4 4. Nxd4 a6 5. Nc3 b5 6. Bd3 Bb7 7. O-O Nc6 8. Nxc6 Bxc6 9. Re1 Bc5 10. Qh5 Qb6 11. Qh4 Ne7 12. Be3 Ng6 13. Qg3 Bxe3 14. Rxe3 O-O-O 15. a4 b4 16. a5 Qb7 17. Na4 Bxa4 18. Rxa4 d5 19. exd5 Rxd5 20. Qg4 Ne5 21.
Qxg7 Nxd3 22. Qxh8+ Rd8 23. Qg7 Nf4 24. h3 Rd1+ 25.
Kh2 Qc7 26. Qh8+ Kd7 27. Qe5 Qxe5 28. Rxe5 Nd5 29. c4 bxc3 30. bxc3 Nxc3 31. Rh4 Nd5 32. Rxh7 Ke7 33. Rh8 Ra1 34. Ra8 Rxa5 35. h4 Ra2 36. Kg3 Kf6 37. Re1 a5 38. h5 Kg5 39. h6 Kxh6 40. Rg8 Kh7 41. Rg4 1-0

[Event "*** Titled Tuesday Blitz"]
[Site "Chess.com"]
[Date "2021.02.16"]
[Round "2"]
[White "NovikovaGalina"]
[Black "MIJuanReyesRosa"]
[Result "1-0"]
[WhiteElo "2413"]
[BlackElo "2124"]
[TimeControl "180+1"]
[EndTime "10:19:09 PST"]
[Termination "NovikovaGalina won on time"]

1. e4 c5 2. Nf3 e6 3. d4 cxd4 4. Nxd4 a6 5. Nc3 Qc7 6. Be2 Nf6 7. O-O d6 8. Be3 b5 9. Kh1 Bb7 10. Bf3 Nbd7 11. a3 Be7 12. g3 O-O 13. Bg2 Ne5 14. f4 Nc4 15. Bc1 Rac8 16. g4 Nd7 17. f5 e5 18. Nb3 Ndb6 19. f6 Bxf6 20. Rxf6 gxf6 21. Bh6 Rfd8 22. Qf1 Qe7 23. Ne2 Nxb2 24. Ng3 Rxc2 25. Nf5 Qe6 26. Na5 Ba8 27. Bf3 d5 28.
g5 fxg5 29. Bg4 dxe4 30. Bxg5 e3+ 31. Kg1 e2 32. Bxe2 Rxe2 33. Nh6+ Kf8 34. Qxe2 1-0

[Event "*** Titled Tuesday Blitz"]
[Site "Chess.com"]
[Date "2021.02.16"]
[Round "2"]
[White "Bykov_Egor"]
[Black "Onischuk_V"]
[Result "0-1"]
[WhiteElo "2532"]
[BlackElo "2865"]
[TimeControl "180+1"]
[EndTime "10:19:10 PST"]
[Termination "Onischuk_V won on time"]

1. d4 Nf6 2. c4 c5 3. d5 b5 4.
cxb5 a6 5. bxa6 g6 6. Nc3 Bg7 7. e4 Qa5 8. a7 Nxe4 9. axb8=Q Rxb8 10. Qc2 O-O 11. Bd3 Nxc3 12. Bd2 c4 13. Bf1 Qxd5 14. Bxc3 e5 15. Nf3 Qe6 16. Rd1 d5 17. Be2 d4 18. Bxd4 exd4 19. Nxd4 Qb6 20. Qxc4 Re8 21. O-O Bxd4 22. Rxd4 Rxe2 23. Rfd1 Re8 24. Rd6 Qxb2 25. Rd8 Be6 26. Rxe8+ Rxe8 27. Qc6 Rc8 28. Qd6 Qxa2 29.
h4 h5 30. g3 Qc4 31. Re1 Qc6 32. Qf4 Rd8 33. Qf6 Re8 34. Kh2 Bd5 0-1

[Event "*** Titled Tuesday Blitz"]
[Site "Chess.com"]
[Date "2021.02.16"]
[Round "2"]
[White "AcostaPablo"]
[Black "Kapitan_Bayan"]
[Result "0-1"]
[WhiteElo "2666"]
[BlackElo "2465"]
[TimeControl "180+1"]
[EndTime "10:19:10 PST"]
[Termination "Kapitan_Bayan won by resignation"]

1. d4 Nf6 2. c4 e6 3. Nf3 d5 4.
Nc3 c5 5. cxd5 Nxd5 6. e4 Nxc3 7.
bxc3 cxd4 8. cxd4 Nc6 9. a3 Be7 10. Be2 O-O 11. O-O b6 12. Bf4 Bb7 13. d5 exd5 14.
exd5 Na5 15. d6 Bf6 16. Ra2 Rc8 17. Qa4 Bc6 18. Qb4 Re8 19. Rd1 Qd7 20. h3 Ba4 21.
Rf1 Nb3 22. Bg3 Nc1 23. Rxc1 Rxc1+ 24. Kh2 Bc6 25. Qd2 Rc5 26. Nd4 Be5 27. Bg4 Qxd6 28. Nxc6 Bxg3+ 29. fxg3 Rxc6 30. Bd7 Rd8 31. Bxc6 Qxd2 32.
Rxd2 Rxd2 33. a4 a6 34. g4 Rb2 35. Bb7 b5 36. Bxa6 bxa4 0-1

[Event "*** Titled Tuesday Blitz"]
[Site "Chess.com"]
[Date "2021.02.16"]
[Round "2"]
[White "awesomevishesh"]
[Black "VladimirBelous"]
[Result "1-0"]
[WhiteElo "2521"]
[BlackElo "2786"]
[TimeControl "180+1"]
[EndTime "10:19:11 PST"]
[Termination "awesomevishesh won by resignation"]

1. d4 Nf6 2. c4 g6 3. Nc3 d5 4. c5 Bg7 5. Nf3 O-O 6. Bf4 b6 7. cxb6 axb6 8. e3 c5 9. Bb5 c4 10. O-O Bf5 11. b3 Bd3 12. Re1 Ne4 13. Nxe4 dxe4 14.
Nd2 c3 15. Nc4 Nd7 16. Bxd7 Qxd7 17. Nxb6 Qc6 18. Nxa8 Rxa8 19. a4 e6 20. f3 Bf8 21.
fxe4 Bxe4 22. Qe2 c2 23. Rec1 Bb4 24. Bg3 h5 25. Ra2 Rc8 26. a5 Qd5 27. Raxc2 Bxc2 28. Rxc2 Rxc2 29. Qxc2 Qxa5 30. h3 Qd8 31. Qc4 Bf8 32.
b4 Bh6 33. Qc3 h4 34. Bf4 Qd7 35. Bxh6 1-0

[Event "*** Titled Tuesday Blitz"]
[Site "Chess.com"]
[Date "2021.02.16"]
[Round "2"]
[White "TimofeevAr"]
[Black "PavelChernomordik"]
[Result "1-0"]
[WhiteElo "2874"]
[BlackElo "2368"]
[TimeControl "180+1"]
[EndTime "10:19:11 PST"]
[Termination "TimofeevAr won by resignation"]

1. c4 g6 2. Nc3 Bg7 3. g3 e5 4.
Bg2 Nc6 5. d3 d6 6. Nf3 h6 7.
O-O Be6 8. Rb1 Qd7 9. Re1 Bh3 10.
Bh1 Nf6 11. b4 Ng4 12. b5 Nd8 13. d4 exd4 14. Nxd4 Ne5 15. Nd5 c6 16. bxc6 bxc6 17.
Nf4 O-O 18. Nxh3 Qxh3 19. Bg2 Qd7 20. Qc2 Ne6 21. e3 Rfe8 22. Rd1 Rac8 23. h3 f5 24. Ba3 Nf7 25. Ne2 Qc7 26. Qa4 Nc5 27. Bxc5 dxc5 28. Nf4 Ne5 29. Nd3 Nf7 30. Nxc5 Nd6 31. Qc2 Rcd8 32.
Rb3 Qa5 33. Nd3 Ne4 34. Bxe4 fxe4 35. Nb4 Rc8 36. c5 Bf8 37. Qc4+ Kh8 38. Rd7 Rc7 39.
Ra3 Qxa3 40. Rxc7 Re7 41. Rxe7 Bxe7 42. Nxc6 Qxc5 43. Qxe4 Bf8 44. Kg2 1-0

[Event "*** Titled Tuesday Blitz"]
[Site "Chess.com"]
[Date "2021.02.16"]
[Round "2"]
[White "GelmanAlexander"]
[Black "semchik73"]
[Result "1-0"]
[WhiteElo "2603"]
[BlackElo "2333"]
[TimeControl "180+1"]
[EndTime "10:19:11 PST"]
[Termination "GelmanAlexander won by checkmate"]

1. d4 d5 2. Nc3 Nf6 3. Bf4 c6 4. f3 e6 5. e4 dxe4 6. fxe4 Bb4 7. Qd3 Qa5 8. Ne2 b6 9. e5 Nd5 10. Bd2 Ba6 11. Qg3 g6 12. a3 Nd7 13. O-O-O Bxa3 14.
bxa3 Qxa3+ 15. Kb1 Nb4 16. Nc1 Bxf1 17. Rhxf1 c5 18.
Ne4 Qa4 19. Nd6+ Kd8 20. Qb3 Qxb3+ 21. Nxb3 Rf8 22. Bh6 Kc7 23. Bxf8 Rxf8 24. dxc5 Nxe5 25. cxb6+ axb6 26. Nb5+ Kc6 27. N5d4+ Kb7 28. Nxe6 Ra8 29. Rde1 Nbc6 30. Ned4 f5 31. Nxc6 Nxc6 32. Re6 Rd8 33. Rfe1 Rd5 34. Kb2 Rb5 35. Re8 Rd5 36. Rh8 h5 37.
Re6 g5 38. Rh7+ Ka6 39. Rxc6 h4 40. Rhh6 Rb5 41. c4 Rb4 42. Kc3 h3 43. gxh3 f4 44. Kxb4 f3 45. Rxb6+ Ka7 46. Rbf6 f2 47. Rh7+ Kb8 48.
Rf8# 1-0

[Event "*** Titled Tuesday Blitz"]
[Site "Chess.com"]
[Date "2021.02.16"]
[Round "2"]
[White "Danfii"]
[Black "coalescenet"]
[Result "0-1"]
[WhiteElo "2420"]
[BlackElo "2219"]
[TimeControl "180+1"]
[EndTime "10:19:11 PST"]
[Termination "coalescenet won by resignation"]

1. Nf3 d5 2. g3 Nf6 3. Bg2 e6 4. O-O Be7 5. c4 O-O 6. b3 a6 7.
d3 b6 8. Bb2 Bb7 9. Nc3 Nbd7 10. Qc2 Ra7 11. e4 dxe4 12. dxe4 Qa8 13. Rfe1 c5 14.
Rad1 Bc6 15. Nh4 Ng4 16. h3 Bxh4 17. hxg4 Bf6 18. Rd6 Be5 19. Rd2 Bd4 20. Nd1 e5 21. Bxd4 cxd4 22. Nb2 Re8 23. Nd3 Nc5 24. Nxc5 bxc5 25.
Qd3 a5 26. a3 Bd7 27. Bf3 Qc8 28. Qe2 Rb7 29. Rb1 Re6 30. Rdb2 Reb6 31. Kg2 Qb8 32.
Qd3 a4 33. Bd1 Kf8 34. f3 axb3 35. Rxb3 Rxb3 36. Rxb3 Rxb3 37. Qxb3 Qxb3 38. Bxb3 Ke7 39. Kf2 Kd6 40. Ke2 g5 41. Kd3 Kc7 42. Bc2 Kb6 43. Bd1 Ka5 44. f4 f6 45. Kd2 Ba4 46. Be2 Bb3 47. Kc1 Ka4 48. fxe5 fxe5 49. Kb2 h6 50. Bd3 Bd1 51. Ka2 Bxg4 52. Kb2 Bf3 53. Ka2 h5 54.
Kb2 Bg2 55. Be2 h4 56. gxh4 gxh4 57. Bg4 h3 58. Bxh3 Bxh3 59. Kc2 Bg2 60. Kd3 0-1